 Dungeon Crawl Stone Soup version 0.31-a0-691-g409c26aa35 (webtiles) character file.

Game seed: 6030211534605326643

1038 javelincjr the Trooper (level 8, -7/64 HPs)
             Began as a Demonspawn Fighter on Sept 6, 2023.
             Mangled by an orc warrior
             ... wielding a +0 war axe
              (12 damage)
             ... in a bailey.
             The game lasted 00:13:00 (3322 turns).

javelincjr the Trooper (Demonspawn Fighter)         Turns: 3322, Time: 00:13:00

Health: -7/64      AC:  9    Str: 19    XL:     8   Next: 4%
Magic:  0/8        EV: 10    Int: 10    God:
Gold:   75         SH:  0    Dex: 12    Spells: 7/7 levels left

rFire   . . .        a - +0 trident
rCold   . . .        (no shield)
rNeg    . . .        b - +0 scale mail
rPois   .            (no helmet)
rElec   .            t - scarf {repulsion}
rCorr   .            (gloves unavailable)
SInv    .            (no boots)
Will    +....        q - amulet of guardian spirit Stlth
                     k - ring of willpower
HPRegen 0.30/turn    s - ring of flight
MPRegen 0.22/turn

%: repel missiles, guardian spirit
@: flying
A: thin metallic scales 1, magic regeneration, demonic touch 3
a: no special abilities


You were in a bailey.
You visited 1 branch of the dungeon, and saw 5 of its levels.
You also visited: Bailey.

You collected 75 gold pieces.

Inventory:

Hand Weapons
 a - a +0 trident (weapon)
Missiles
 w - a boomerang (quivered)
Armour
 b - a +0 scale mail (worn)
 c - a +0 buckler
 t - a scarf of repulsion (worn)
 v - a scarf of invisibility
Jewellery
 k - a ring of willpower (left hand)
 q - an amulet of guardian spirit (around neck)
 s - a ring of flight (right hand)
Scrolls
 f - 6 scrolls of teleportation {unknown}
 i - a scroll of noise {unknown}
 j - 3 scrolls of identify {unknown}
 l - a scroll of amnesia {unknown}
 o - a scroll of enchant armour {unknown}
 u - a scroll of vulnerability {unknown}
Potions
 d - 2 potions of might
 e - 3 potions of curing {unknown}
 h - a potion of attraction {unknown}
 m - 2 potions of cancellation {unknown}
 n - a potion of enlightenment
 p - a potion of brilliance {unknown}
 r - a potion of ambrosia {unknown}


   Skills:
 * Level 6.2 Fighting
 + Level 3.8 Polearms
 + Level 4.4 Armour
 + Level 3.0 Dodging
 + Level 4.3 Shields


You had 7 spell levels left.
You didn't know any spells.
Your spell library was empty.

Dungeon Overview and Level Annotations

Branches:
Dungeon (7/15)             Bailey (1/1)
 Temple: D:4-7

Altars:
Dithmenos
Kikubaaqudgha


Innate Abilities, Weirdness & Mutations

You are partially covered in thin metallic scales. (AC +2)
You regenerate magic rapidly.
Your touch may irresistibly damage your foes and sap their willpower.


Message History

You have reached level 8!
You feel stronger.
Your demonic ancestry asserts itself...
Your hands twist and begin to emit a powerful aura of unholy energy.
You hit the orc warrior but do no damage.
Your touch misses the orc warrior.
The orc warrior hits you with a +0 war axe.
You barely miss the orc warrior.
The orc warrior hits you with a +0 war axe!
The orc warrior hits you with a +0 war axe.
An orc warrior comes into view. It is wielding a +3 battleaxe.
The orc warrior shouts!
You hit the orc warrior but do no damage.
You touch the orc warrior!
You sap its willpower!
The orc warrior is severely wounded.
The orc warrior hits you but does no damage.
The orc warrior hits you with a +0 war axe.
You hit the orc warrior but do no damage.
The orc warrior is severely wounded.
The orc warrior hits you with a +0 war axe!
The orc warrior barely misses you.
You hit the orc warrior.
The orc warrior is almost dead.
The orc warrior hits you but does no damage.
The orc warrior hits you with a +0 war axe!
You hit the orc warrior but do no damage.
Your touch misses the orc warrior.
You punch the orc warrior, but do no damage.
The orc warrior is almost dead.
The orc warrior hits you with a +0 war axe.
The orc warrior hits you with a +0 war axe!
* * * LOW HITPOINT WARNING * * *
The orc warrior misses you.
The orc warrior hits you with a +0 war axe.
* * * LOW HITPOINT WARNING * * *
You hit the orc warrior but do no damage.
The orc warrior is almost dead.
The orc warrior hits you with a +0 war axe!
* * * LOW HITPOINT WARNING * * *
The orc warrior hits you with a +0 war axe!
You die...

.........# #.......##
##.....## ###...##
##...#### ##.....####
##....)..###
##..∩......####
#..........@o.#
#≈≈≈≈≈≈≈≈≈...o....#
#≈≈≈≈≈≈≈≈≈≈≈≈≈~.......
#≈≈≈≈#########≈≈≈≈~.....
≈≈≈≈∩#..KKooo#∩≈≈≈≈≈≈~..
≈≈####...ogo.####(≈≈~≈≈≈
~.#. ####o####Ko#((...~≈
# #. ... .. ##.....


You could see 4 orc warriors, an orc and 2 kobolds.

Vanquished Creatures
  A steam dragon (D:7)
  Duvessa (D:7)
  2 orc warriors (Bailey)
  A black bear (D:4)
  A centaur (D:7)
  A bullfrog (D:7)
  A scorpion (D:4)
  Dowan (D:7)
  A wight (D:7)
  A hound (D:4)
  2 orc priests (D:3)
  A sleepcap (D:7)
  An orc wizard (D:7)
  An adder (D:2)
  A shadow imp (D:7)
  An ufetubus (D:3)
  A worm (D:2)
  2 dart slugs (D:2)
  11 orcs
  An endoplasm (D:2)
  3 giant cockroaches
  8 goblins
  8 hobgoblins
  A quokka (D:2)
  A ball python (D:1)
  3 bats
  4 frilled lizards
  11 kobolds
  8 rats
80 creatures vanquished.

Vanquished Creatures (others)
  A human (D:4)
  An endoplasm (D:4)
2 creatures vanquished.

Grand Total: 82 creatures vanquished

Notes
Turn   | Place    | Note
-------+----------+-------------------------------------------
     0 | D:1      | javelincjr the Demonspawn Fighter began the quest for the
                  | Orb.
     0 | D:1      | Reached XP level 1. HP: 18/18 MP: 1/1
   133 | D:1      | Gained mutation: Your touch may inflict minor irresistible
                  | damage on your foes. [demonic ancestry]
   133 | D:1      | Reached XP level 2. HP: 24/24 MP: 2/2
   777 | D:2      | Gained mutation: You regenerate magic rapidly. [demonic
                  | ancestry]
   777 | D:2      | Reached XP level 3. HP: 29/29 MP: 3/3
  1968 | D:3      | Reached XP level 4. HP: 37/37 MP: 4/4
  2183 | D:3      | Reached skill level 4 in Fighting
  2183 | D:3      | Reached skill level 1 in Dodging
  2397 | D:4      | Found an ancient bone altar of Kikubaaqudgha.
  2398 | D:4      | Noticed a human
  2401 | D:4      | Killed a human
  2460 | D:4      | Noticed a black bear
  2462 | D:4      | Noticed a scorpion
  2466 | D:4      | Killed a black bear
  2467 | D:4      | Gained mutation: You are partially covered in thin metallic
                  | scales. (AC +2) [demonic ancestry]
  2467 | D:4      | Reached XP level 5. HP: 27/43 MP: 5/5
  2473 | D:4      | Gained mutation: Your touch may inflict irresistible damage
                  | on your foes. [demonic ancestry]
  2473 | D:4      | Reached XP level 6. HP: 20/49 MP: 6/6
  2639 | D:4      | You fall into a shaft and drop 3 floors!
  2710 | D:7      | Found a shadowy altar of Dithmenos.
  2717 | D:7      | Reached skill level 5 in Fighting
  2858 | D:7      | Noticed a steam dragon
  2869 | D:7      | Killed a steam dragon
  2870 | D:7      | Reached XP level 7. HP: 31/56 MP: 4/7
  2909 | D:7      | Noticed Dowan
  2911 | D:7      | Noticed Duvessa
  2929 | D:7      | Killed Duvessa
  2951 | D:7      | Killed Dowan
  3038 | D:7      | Found a flagged portal.
  3087 | Bailey   | Entered a bailey
  3279 | Bailey   | Reached skill level 6 in Fighting
  3316 | Bailey   | Gained mutation: Your touch may irresistibly damage your
                  | foes and sap their willpower. [demonic ancestry]
  3316 | Bailey   | Reached XP level 8. HP: 52/64 MP: 6/8
  3322 | Bailey   | Mangled by an orc warrior

Illustrated notes

Levels and vault maps discovered:
D:1:      spicycebolla_arrival_risky_transporter, layout_basic
D:2:      layout_basic, kennysheep_minor_cross, reono_crystal_passage
D:3:      layout_loops_ring, corexii_corridor_pit, minivault_4, kennysheep_boxes
D:4:      layout_cave_pods, tgw_kikubaaqudgha, fiery_altar_vehumet,
          gammafunk_ghost_mausoleum
D:7:      layout_loops_ring, mainiacjoe_overflow_alcove_1, lemuel_tele_altar,
          minmay_temple_entry_grid, enter_bailey_4, uniq_duvessa
Bailey:   bailey_axe_4, bailey

Skill      XL: |  1  2  3  4  5  6  7 |
---------------+----------------------+-----
Polearms       | 2 3 |  3.8
Armour         | 3 4 |  4.4
Shields        | 3 4 |  4.3
Fighting       | 4 5 6 |  6.2
Dodging        | 1 2 3 |  3.0

Action                     |  1- 3 |  4- 6 |  7- 9 || total
---------------------------+-------+-------+-------++-------
  Melee: Trident           |   123 |    63 |    56 ||   242
         Touch             |     7 |    15 |    11 ||    33
         Punch             |     2 |     1 |     3 ||     6
  Throw: Boomerang         |       |       |    56 ||    56
         Dart              |       |       |     6 ||     6
 Armour: Scale mail        |    60 |    44 |    74 ||   178
  Dodge: Dodged            |    47 |    29 |    51 ||   127
         Repelled          |       |       |     2 ||     2
  Block: Buckler           |     5 |       |       ||     5

Table legend: (Time is in decaauts)
 A = Elapsed time spent in this place.
 B = Non-inter-level travel time spent in this place.
 C = Inter-level travel time spent in this place.
 D = Time resting spent in this place.
 E = Time spent auto-exploring this place.
 F = Levels seen in this place.
 G = Mean time per level.
                   A        B        C        D        E       F      G
               +--------+--------+--------+--------+--------+-----+--------+
         Total |   3380 |   3261 |    119 |    269 |   2266 |   6 |  563.3 |
       Dungeon |   3127 |   3008 |    119 |    148 |   2266 |   5 |  625.4 |
        Bailey |    253 |    253 |      0 |    121 |      0 |   1 |  253.0 |
               +--------+--------+--------+--------+--------+-----+--------+

Top non-repeatable levels by time:
     D:2: 1023 daAuts
     D:3: 789 daAuts
     D:1: 602 daAuts
     D:7: 457 daAuts
     D:4: 253 daAuts
  Bailey: 253 daAuts
